 Dungeon Crawl Stone Soup version 0.18-a0-796-g4b90cf5 (webtiles) character file.

144902 Proton the Bludgeoner (level 17, -1/196 HPs)
             Began as an Ogre Fighter on Dec 14, 2015.
             Was the Champion of the Shining One.
             Slain by a wolf spider (12 damage)
             ... on level 2 of the Spider Nest.
             The game lasted 01:39:02 (37038 turns).

Proton the Bludgeoner (Ogre Fighter)               Turns: 37038, Time: 01:39:02

Health: -1/196     AC: 14    Str: 27    XL:     17   Next: 41%
Magic:  0/28       EV: 16    Int:  8    God:    the Shining One [******]
Gold:   2012       SH:  0    Dex: 11    Spells: 0 memorised, 16 levels left

rFire  + + .     SeeInvis .     g - +4 giant spiked club of Jizesiv {freeze, *Corrode rElec rC++}
rCold  + + +     Clarity  .     L - +1 robe of Atheism {+Fly rC+++ Str-3 Int+3} (curse)
rNeg   + + +     SustAt   .     (shield currently unavailable)
rPois  .         Gourm    .     B - +2 hat of the Bear Spirit {Spirit, +Rage rN+ MR++}
rElec  +         Spirit   +     A - +1 cloak
rCorr  .         Dismiss  .     (gloves unavailable)
rMut   .         Stasis   .     (boots unavailable)
MR     ++++.                    (no amulet)
Stlth  +.........               R - +3 ring of protection
                                r - ring of protection from magic

@: confused, lethally poisoned (-1 -> -12), about to teleport, glowing,
incredibly resistant to hostile enchantments, very unstealthy
A: unfitting armour, horns 1, slimy green scales 1, thin skeletal structure 1,
camouflage 1, blink, dopey 1, fire resistance 2, high mp 1, shaggy fur 1, tough
skin 1, evolution 1
a: Blink, Divine Shield, Cleansing Flame, Summon Divine Warrior, Brand Weapon
With Holy Wrath, Renounce Religion, Evoke Berserk Rage, Evoke Flight


You were on level 2 of the Spider Nest.
You worshipped the Shining One.
The Shining One was exalted by your worship.
You were not hungry.

You visited 6 branches of the dungeon, and saw 30 of its levels.

You collected 2832 gold pieces.
You spent 820 gold pieces at shops.

Inventory:

Hand Weapons
 g - the +4 giant spiked club of Jizesiv (weapon) {freeze, *Corrode rElec rC++}
   (You acquired it on level 2 of the Spider Nest)

   It has been specially enchanted to freeze those struck by it, causing extra
   injury to most foes and up to half again as much damage against particularly
   susceptible opponents.
   It can also slow down cold-blooded creatures.
   It greatly protects you from cold.
   It insulates you from electricity.
   It may corrode your equipment when you take damage.
Missiles
 P - 12 large rocks (quivered)
Armour
 o - the +1 ratskin cloak {rPois rN+ Int-1 Dex-1}
   (You found it on level 8 of the Lair of Beasts)

   It affects your intelligence (-1).
   It affects your dexterity (-1).
   It protects you from poison.
   It protects you from negative energy.
 A - a +1 cloak (worn)
 B - the +2 hat of the Bear Spirit (worn) {Spirit, +Rage rN+ MR++}
   (You found it on level 4 of the Lair of Beasts)

   It protects you from negative energy.
   It affects your resistance to hostile enchantments.
   It lets you go berserk.
 L - the cursed +1 robe of Atheism (worn) {+Fly rC+++ Str-3 Int+3}
   (You bought it in a shop on level 2 of the Orcish Mines)

   It affects your strength (-3).
   It affects your intelligence (+3).
   It renders you almost immune to cold.
   It lets you fly.
   It has a curse placed upon it.
Jewellery
 r - a ring of protection from magic (left hand)
 y - the amulet of Cekugob {Dismiss -Tele rElec rPois rN++ AC+1 EV+1}
   (You acquired it on level 6 of the Lair of Beasts)

   [amulet of dismissal]

   It may teleport away creatures that harm you.
   It affects your AC (+1).
   It affects your evasion (+1).
   It insulates you from electricity.
   It protects you from poison.
   It greatly protects you from negative energy.
   It prevents most forms of teleportation.
 R - a +3 ring of protection (right hand)
Wands
 F - a wand of lightning (7)
 M - a wand of teleportation (2)
 W - a wand of paralysis (11)
 Y - a wand of disintegration (12)
Scrolls
 a - a scroll of silence
 l - 9 scrolls of remove curse
 s - 6 scrolls of fog
 v - 3 scrolls of immolation
 w - 4 scrolls of enchant weapon
 x - 6 scrolls of teleportation
 G - a scroll of magic mapping
 I - 6 scrolls of amnesia
 J - 3 scrolls of vulnerability
 K - 3 scrolls of fear
 O - a scroll of brand weapon
 Q - a scroll of summoning
 S - 2 scrolls of recharging
 V - a scroll of blinking
 X - a scroll of enchant armour
Potions
 b - 2 potions of brilliance
 d - 12 potions of might
 e - 6 potions of agility
 h - 4 potions of haste
 i - 5 potions of flight
 k - 5 potions of heal wounds
 p - 2 potions of resistance
 t - 3 potions of ambrosia
 z - a potion of lignification
 C - 4 potions of curing
 D - a potion of cure mutation
 E - a potion of mutation
 H - 2 potions of berserk rage
 T - a potion of magic
 Z - a potion of cancellation
Comestibles
 f - 10 bread rations
 m - 4 meat rations
 q - a royal jelly
 u - 31 fruits


   Skills:
 + Level 18.7 Fighting
 + Level 20.8 Maces & Flails
 + Level 0.6 Throwing
 * Level 13.8 Dodging
   Level 2.6 Shields
 - Level 12.3 Invocations
 - Level 7.8 Evocations


You had 16 spell levels left.
You didn't know any spells.

Dungeon Overview and Level Annotations

Branches:
Dungeon (15/15)            Temple (1/1) D:4            Lair (8/8) D:11
 Shoals (0/4) Lair:6       Spider (3/4) Lair:3        Slime (0/6) Lair:7
    Orc (2/2) D:12            Elf (0/3) Orc:2        Vaults (0/5) D:14
 Depths (1/5) D:15

Altars:
Ashenzari
Cheibriados
Dithmenos
Elyvilon
Fedhas
Nemelex Xobeh
Okawaru
Pakellas
Ru
Sif Muna
Trog
Vehumet
Xom
Yredelemnul
Zin
The Shining One

Shops:
D:8 [   D:14 :!   D:15 *   Orc:2 [=*!

Portals:
Trove: D:15 (give +6 demon blade)

Annotations:
D:3 P0WERM0DE's ghost, amateur DsCK
D:14 Rupert
Spider:3 Norris


Innate Abilities, Weirdness & Mutations

You are too large for most types of armour.
You have tough skin (AC +1).
You have a pair of small horns on your head.
You are partially covered in slimy green scales (AC +2).
You have a somewhat thin skeletal structure (Dex +2, Stealth).
Your skin changes colour to match your surroundings (Stealth).
You can translocate small distances at will.
You are dopey. (Int -2)
Your flesh is very heat resistant.
You have an increased reservoir of magic (+10% MP).
You are covered in fur (AC +1).
You evolve.


Message History

You feel much better.
You feel sick. The wolf spider hits you.
* * * LOW HITPOINT WARNING * * *
The wolf spider bites you but does no damage.
The tarantella bites you.
* * * LOW HITPOINT WARNING * * *
You are more confused.
The tarantella misses you. The emperor scorpion stings you!!
* * * LOW HITPOINT WARNING * * *
The emperor scorpion misses you.
The emperor scorpion claws you but does no damage.
Drink which item? (? for menu, Esc to quit)
You feel much better.
You feel sick. The wolf spider completely misses you.
The wolf spider barely misses you. The tarantella misses you.
The tarantella barely misses you. The emperor scorpion stings you!
* * * LOW HITPOINT WARNING * * *
The emperor scorpion claws you!
* * * LOW HITPOINT WARNING * * *
The emperor scorpion claws you but does no damage.
The wolf spider hits you!
You die...

.#..<#..#...##...#.##.#..#
#...##.#.#.#.##....#..#.##
.#.......#..#.###.......#
..#...#...##.#....#..#.##
..###...#.##..#........#
#.###..#.###....##.#.#.##
....##.### #.#..#..#....#
.#.##### ##.##ss#....##
#.## #..s@#...#.# .###
####.#s##..#### #..#
###.#.#.....## .#.#
#....#...#..### ..##
##...^.##....(#### .##
####.#...^..###.## .##
##.#####..###..## ..#
#..#........^...# #^#
##.......#....###


You could see an emperor scorpion, a wolf spider and 2 tarantellas.

Vanquished Creatures
  Arachne (Spider:2)
  Agnes (D:14)
  Kirke (D:14)
  Donald (Orc:2)
  Maud (D:14)
  4 emperor scorpions (Spider:2)
  A ghost moth (Spider:2)
  A stone giant (Orc:1)
  A very ugly thing (D:15)
  5 dire elephants (Lair:8)
  A spark wasp (Spider:2)
  An ettin (D:15)
  4 vault guards (D:14)
  A fire dragon (D:15)
  2 entropy weavers (Spider:1)
  An anaconda (Lair:8)
  9 hydras
  Erica (D:9)
  3 tengu warriors
  9 death yaks
  4 centaur warriors
  3 orc high priests (Orc:2)
  Urug (D:11)
  An ogre mage (D:15)
  A fire crab (Lair:8)
  Pikel (D:9)
  6 hill giants
  3 unseen horrors
  3 orc sorcerers (Orc:2)
  7 orc knights
  8 orb spiders
  12 wolf spiders
  A wizard (D:15)
  A salamander (D:15)
  2 deep elf magi
  3 griffons
  16 elephants
  11 ugly things
  2 cyclopes
  A hornet (Spider:1)
  10 black mambas
  Joseph (D:9)
  A centaur zombie (D:13)
  2 manticores
  4 gargoyles
  A torpor snail (Lair:7)
  2 kobold demonologists (D:14)
  3 fire drakes
  10 spiny frogs
  5 centaur skeletons
  4 demonic crawlers
  7 komodo dragons
  A freezing wraith (D:15)
  2 tengu conjurers
  A queen bee (Orc:1)
  8 trolls
  13 jumping spiders
  A boulder beetle (Spider:1)
  26 blink frogs
  A raiju (shapeshifter) (D:15)
  5 two-headed ogres
  12 trapdoor spiders
  22 redbacks
  62 yaks
  3 slime creatures (D:13)
  A spriggan (shapeshifter) (D:14)
  12 wolves
  5 basilisks
  A hog (D:14)
  2 wyverns
  A vampire (D:15)
  9 tarantellas
  2 hungry ghosts
  8 hippogriffs
  Menkaure (D:7)
  9 vampire mosquitoes
  A steam dragon (D:10)
  3 mottled dragons
  16 water moccasins
  6 wargs
  A soldier ant (D:13)
  5 porcupines
  5 sky beasts
  6 wasps (Spider:2)
  3 ice beasts
  24 orc warriors
  3 black bears
  4 phantoms
  12 ogres
  2 boggarts (D:15)
  11 centaurs
  3 eyes of draining
  2 necrophages
  4 big kobolds
  14 crocodiles
  A wyvern skeleton (D:9)
  29 giant frogs
  28 killer bees
  6 scorpions
  8 wights
  2 crimson imps
  2 giant frog zombies
  A quasit (D:13)
  2 electric eels
  10 hounds
  17 orc wizards
  22 orc priests
  4 jellies
  4 giant frog skeletons
  Crazy Yiuf (D:5)
  5 iguanas
  37 sheep
  8 worker ants
  A hound zombie (D:8)
  19 river rats
  16 adders
  3 gnolls (Orc:1)
  7 shadow imps
  3 adder skeletons
  2 worms
  73 orcs
  2 ball pythons (D:3)
  8 giant cockroaches
  3 goblins (D:2)
  4 hobgoblins
  15 jackals
  15 kobolds
  3 quokkas
  3 bats
  8 giant geckos
  4 giant newts
  6 rats
  3 fungi
  3 plants (Lair:8)
907 creatures vanquished.

Vanquished Creatures (collateral kills)
  An orc sorcerer (Orc:2)
  An orc knight (Orc:2)
  A wolf spider (Spider:2)
  A jumping spider (Spider:2)
  A redback (Spider:2)
5 creatures vanquished.

Vanquished Creatures (others)
  4 humans (D:14)
  4 slaves (D:9)
  A boggart (Depths:1)
  2 sheep (D:9)
  15 fungi
  10 plants
36 creatures vanquished.

Grand Total: 948 creatures vanquished

Notes
Turn   | Place    | Note
--------------------------------------------------------------
     0 | D:1      | Proton the Ogre Fighter began the quest for the Orb.
     0 | D:1      | Reached XP level 1. HP: 24/24 MP: 1/1
   699 | D:2      | Reached XP level 2. HP: 27/33 MP: 2/2
   705 | D:2      | Found a glowing golden altar of the Shining One.
   727 | D:2      | Became a worshipper of the Shining One
  1025 | D:2      | Reached XP level 3. HP: 38/41 MP: 3/3
  1354 | D:2      | Reached skill level 5 in Fighting
  1754 | D:3      | Reached XP level 4. HP: 48/50 MP: 4/4
  1866 | D:3      | Noticed a giant frog
  1879 | D:4      | Found a staircase to the Ecumenical Temple.
  1904 | D:4      | HP: 2/50 [adder (3)]
  2154 | D:4      | Reached XP level 5. HP: 37/59 MP: 5/5
  2460 | D:3      | Noticed P0WERM0DE's ghost (amateur DsCK)
  2487 | D:4      | Found an oddly glowing altar of Pakellas.
  2596 | D:4      | Found a snail-covered altar of Cheibriados.
  2601 | D:4      | Found an iron altar of Okawaru.
  2867 | D:4      | Noticed a phantom
  2892 | D:4      | Killed a phantom
  2892 | D:4      | Reached skill level 6 in Fighting
  2892 | D:4      | Reached skill level 5 in Maces & Flails
  2892 | D:4      | Reached XP level 6. HP: 50/68 MP: 6/6
  2989 | D:4      | Reached * piety under the Shining One
  3143 | D:5      | Entered Level 5 of the Dungeon
  3369 | D:5      | Noticed Crazy Yiuf
  3380 | D:5      | Killed Crazy Yiuf
  3736 | D:5      | Found a sparkling altar of Nemelex Xobeh.
  3736 | D:5      | Found a shimmering altar of Xom.
  3736 | D:5      | Found a glowing silver altar of Zin.
  3738 | D:5      | Found a sacrificial altar of Ru.
  3789 | D:6      | Reached skill level 7 in Fighting
  3789 | D:6      | Reached XP level 7. HP: 30/78 MP: 7/7
  4496 | Temple   | Entered the Ecumenical Temple
  5063 | D:6      | Reached skill level 8 in Fighting
  5084 | D:6      | Reached XP level 8. HP: 87/89 MP: 8/8
  5928 | D:7      | Reached skill level 9 in Fighting
  6020 | D:7      | Reached skill level 5 in Dodging
  6413 | D:7      | Noticed Menkaure
  6421 | D:7      | Killed Menkaure
  6427 | D:7      | Found a radiant altar of Vehumet.
  6677 | D:7      | You fall through a shaft!
  6677 | D:8      | Found a blossoming altar of Fedhas.
  6677 | D:8      | Found a shadowy altar of Dithmenos.
  7060 | D:8      | Noticed a two-headed ogre
  7066 | D:7      | Reached ** piety under the Shining One
  7174 | D:7      | Reached skill level 10 in Fighting
  7286 | D:7      | Reached XP level 9. HP: 86/101 MP: 9/9
  7292 | D:7      | Found a bloodstained altar of Trog.
  7508 | D:6      | Found a snail-covered altar of Cheibriados.
  7513 | D:6      | Reached skill level 1 in Invocations
  7520 | D:6      | Got a brightly glowing long sword
  7521 | D:6      | Identified the cursed +3 long sword of Doom {slice, rF+ Str-3 Int+4 SInv} (You found it on level 6 of the Dungeon)
  7978 | D:5      | Reached skill level 10 in Maces & Flails
  8120 | D:7      | Gained mutation: Your skin changes colour to match your surroundings (Stealth). [potion of beneficial mutation]
  8120 | D:7      | HP: 3/101 [killer bee (10)]
  8125 | D:7      | Gained mutation: You are weak. (Str -2) [potion of mutation]
  8125 | D:7      | Gained mutation: You possess an exceptional clarity of mind. [potion of mutation]
  8125 | D:7      | Gained mutation: You evolve. [potion of mutation]
  8127 | D:7      | Gained mutation: You expend magic power (3 MP) to strengthen your wands. [potion of mutation]
  8128 | D:7      | Gained mutation: You are covered in fur (AC +1). [potion of beneficial mutation]
  8129 | D:7      | Gained mutation: Your flesh is heat resistant. [potion of beneficial mutation]
  8670 | D:8      | Gained mutation: You have an increased reservoir of magic (+10% MP). [evolution]
  9221 | D:8      | Reached skill level 11 in Maces & Flails
  9302 | D:9      | Noticed Erica
  9312 | D:9      | Killed Erica
  9312 | D:9      | Reached skill level 12 in Maces & Flails
  9312 | D:9      | Reached XP level 10. HP: 64/114 MP: 13/13
  9572 | D:9      | Gained mutation: You can translocate small distances at will. [evolution]
 10060 | D:9      | Reached *** piety under the Shining One
 10138 | D:9      | Noticed Pikel
 10147 | D:9      | Killed Pikel
 10201 | D:9      | Noticed a three-headed hydra
 10208 | D:9      | Killed a one-headed hydra
 10208 | D:9      | Reached skill level 13 in Maces & Flails
 10402 | D:9      | Noticed Joseph
 10408 | D:9      | Killed Joseph
 10460 | D:9      | Found a basalt altar of Yredelemnul.
 10504 | D:9      | Reached XP level 11. HP: 80/123 MP: 14/14
 10662 | D:8      | Found a white marble altar of Elyvilon.
 11034 | D:8      | Found Dymm's Armour Shop.
 11470 | D:10     | Entered Level 10 of the Dungeon
 11595 | D:10     | Reached skill level 14 in Maces & Flails
 12299 | D:11     | Noticed a centaur warrior
 12312 | D:11     | Killed a centaur warrior
 12860 | D:11     | Noticed Urug
 12860 | D:11     | Reached **** piety under the Shining One
 12872 | D:11     | Killed Urug
 13447 | D:11     | Reached skill level 15 in Maces & Flails
 13474 | D:11     | Found a staircase to the Lair.
 14107 | D:12     | Found a staircase to the Orcish Mines.
 14159 | Lair:1   | Entered Level 1 of the Lair of Beasts
 14298 | Lair:1   | Reached XP level 12. HP: 91/136 MP: 16/16
 14794 | Lair:1   | HP: 6/136 [yak (12)]
 14885 | Lair:1   | Gained mutation: You are partially covered in slimy green scales (AC +2). [evolution]
 15528 | Lair:2   | Reached skill level 16 in Maces & Flails
 15528 | Lair:2   | Reached skill level 5 in Invocations
 15591 | Lair:2   | Got a sparkling pewter amulet
 15599 | Lair:2   | Noticed a five-headed hydra
 15610 | Lair:2   | Killed a one-headed hydra
 15729 | Lair:2   | Identified the amulet "Hero's Friend" {Inacc Dex+4} (You found it on level 2 of the Lair of Beasts)
 16578 | Lair:3   | Noticed a seven-headed hydra
 16817 | Lair:3   | Killed a four-headed hydra
 17053 | Lair:3   | Found a hole to the Spider Nest.
 17231 | Lair:3   | Noticed a four-headed hydra
 17261 | Lair:3   | Killed a four-headed hydra
 17280 | Lair:3   | Reached skill level 17 in Maces & Flails
 17686 | Lair:3   | Reached XP level 13. HP: 127/148 MP: 19/19
 17925 | Lair:4   | Reached skill level 10 in Dodging
 18027 | Lair:4   | Reached ***** piety under the Shining One
 18707 | Lair:5   | Found a deep blue altar of Sif Muna.
 18749 | Lair:5   | Reached skill level 15 in Fighting
 18782 | Lair:5   | Reached skill level 1 in Evocations
 19498 | Lair:5   | Gained mutation: You have a somewhat thin skeletal structure (Dex +2, Stealth). [evolution]
 20239 | Lair:6   | Identified a scroll of acquirement
 20300 | Lair:6   | Found a staircase to the Shoals.
 20308 | Lair:6   | Lost mutation: You expend magic power (3 MP) to strengthen your wands. [potion of mutation]
 20308 | Lair:6   | Gained mutation: You are agile. (Dex +2) [potion of mutation]
 20669 | Lair:6   | Reached skill level 18 in Maces & Flails
 20669 | Lair:6   | Reached XP level 14. HP: 152/159 MP: 22/22
 20983 | Lair:7   | Found a staircase to the Slime Pits.
 21768 | Lair:8   | Entered Level 8 of the Lair of Beasts
 22387 | Lair:8   | Found a glowing silver altar of Zin.
 22984 | Lair:8   | Reached skill level 10 in Invocations
 23179 | Lair:8   | Reached skill level 5 in Evocations
 23212 | Lair:7   | Reached XP level 15. HP: 137/171 MP: 19/24
 23413 | Orc:1    | Entered Level 1 of the Orcish Mines
 23959 | D:12     | Found a shattered altar of Ashenzari.
 24296 | D:12     | Lost mutation: You possess an exceptional clarity of mind. [mutagenic meat]
 24297 | D:12     | Lost mutation: You are agile. (Dex +2) [mutagenic meat]
 24389 | D:12     | Lost mutation: You are weak. (Str -2) [evolution]
 24529 | D:13     | Reached skill level 19 in Maces & Flails
 25300 | D:14     | Found a basalt altar of Yredelemnul.
 25304 | D:14     | Noticed Rupert
 25430 | D:14     | Found Iqot's Book Boutique.
 25485 | D:14     | Found Owozyn's Distillery.
 25490 | D:14     | Bought a potion of heal wounds for 65 gold pieces
 25510 | D:14     | Noticed Kirke
 25532 | D:14     | Killed Kirke
 25631 | D:14     | Noticed Maud
 25631 | D:14     | Reached ****** piety under the Shining One
 25639 | D:14     | Killed Maud
 26151 | D:14     | Gained mutation: You are dopey. (Int -2) [mutagenic meat]
 26154 | D:14     | Gained mutation: You are clumsy. (Dex -2) [mutagenic meat]
 26155 | D:14     | Lost mutation: You are clumsy. (Dex -2) [mutagenic meat]
 26156 | D:14     | Gained mutation: Your flesh is very heat resistant. [mutagenic meat]
 27029 | Orc:2    | Entered Level 2 of the Orcish Mines
 27493 | Orc:2    | Found Zuasch's Assorted Antiques.
 27688 | Orc:2    | Found Ihoulul's Distillery.
 27689 | Orc:2    | Found Gurch's Armour Shoppe.
 27694 | Orc:2    | Found Ryskeax's Jewellery Shoppe.
 27696 | Orc:2    | Bought a potion of mutation for 40 gold pieces
 27708 | Orc:2    | Bought a creamy pearl robe for 171 gold pieces
 27708 | Orc:2    | Bought a scroll labeled UQIWIC LOLLU for 30 gold pieces
 27718 | Orc:2    | Identified the cursed +1 robe of Caso {rCorr Int+6 Dex-3} (You bought it in a shop on level 2 of the Orcish Mines)
 27728 | Orc:2    | Bought the cursed +1 robe of Atheism {+Fly rC+++ Str-3 Int+3} for 514 gold pieces
 27781 | Orc:2    | Found a staircase to the Elven Halls.
 28136 | Orc:2    | Noticed Donald
 28153 | Orc:2    | Killed Donald
 28153 | Orc:2    | Reached XP level 16. HP: 140/183 MP: 19/26
 28786 | D:14     | Found a gate to the Vaults.
 29071 | D:15     | Entered Level 15 of the Dungeon
 29288 | D:15     | Found a staircase to the Depths.
 29418 | D:15     | Noticed Agnes
 30008 | D:15     | Found Useraip's Blood Bar.
 30068 | D:15     | Found a portal to a secret trove of treasure.
 30388 | D:14     | Reached skill level 20 in Maces & Flails
 30435 | D:14     | Killed Agnes
 30667 | Depths:1 | Entered Level 1 of the Depths
 32481 | Spider:1 | Entered Level 1 of the Spider Nest
 34488 | Spider:1 | Reached XP level 17. HP: 140/196 MP: 22/28
 34751 | Spider:2 | Noticed Arachne
 34909 | Spider:2 | Killed Arachne
 35582 | Spider:2 | Got a bone giant spiked club
 35583 | Spider:2 | Identified the +4 giant spiked club of Jizesiv {freeze, *Corrode rElec rC++} (You acquired it on level 2 of the Spider Nest)
 36466 | Spider:2 | Gained mutation: You have a pair of small horns on your head. [evolution]
 37023 | Spider:3 | Noticed Norris
 37037 | Spider:2 | HP: 1/196 [emperor scorpion (23)]
 37038 | Spider:2 | Slain by a wolf spider

Vault maps used:
D:1:      lemuel_arrival_broad_hall, hangedman_glass_teeth, minivault_25
D:2:      old_standard_altar, dk_noncrumbling_4, minmay_crystal_water,
          roderic_roman_lattice
D:3:      first_bread, minivault_27, hex_tiny
D:4:      gammafunk_temple_overflow_forgotten, minmay_temple_entry_trees,
          kennysheep_doodads
D:5:      minitemple, minmay_misc_feat_doors, lemuel_statue_altar,
          uniq_crazy_yiuf_cottage, uniq_eustachio
D:6:      cheibriados_altar_1
D:7:      overflow_temple_1_default, lightli_temple_of_fire, feat_on_display,
          uniq_menkaure
D:8:      grunt_temple_overflow_open, kennysheep_mini, serial_shops, shop
D:9:      nicolae_overflow_hidden_temple, hangedman_ranch,
          minmay_item_behind_shaft, uniq_joseph, uniq_erica, uniq_pikel
D:11:     erik_lair_orcish_takeover, uniq_urug
D:12:     orc_0_dummy, kennysheep_cluttered_room, minmay_misc_feat_four_crosses,
          minmay_misc_feat_diagonals, ashenzari_altar_1
D:14:     lightli_vaults_fourway_checkpoint, basic_altar, serial_shops, shop,
          shop, wad_floor_pattern_untrapped, uniq_rupert, uniq_kirke, uniq_maud
D:15:     hangedman_depths_entry_try_elsewhere_first, enter_trove_1,
          hangedman_decor_slide_cut, guppyfry_shop_blood, uniq_agnes
Temple:   corrupted_temple
Lair:2:   grunt_megastairs_3
Lair:3:   nicolae_spider_entry_orb_guardian
Lair:4:   grunt_megastairs_1
Lair:5:   basic_altar, fungi_pond_lemuel, wad_woods_road_03,
          beast_lair_carwin_10
Lair:6:   shoals_dummy_entry
Lair:7:   dpeg_slime_entry_corner, serial_bayou, serial_bayou_crossing,
          serial_bayou_pond_d, serial_bayou_ford_a
Lair:8:   due_jungle_book, basic_altar
Spider:1: guppyfry_spider_mini_2
Spider:2: spiders_nest_scorpion_pit, uniq_arachne
Spider:3: spiders_nest_spider_trap, uniq_norris
Orc:1:    special_room
Orc:2:    st_orc_elflike, minmay_orc_barracks, uniq_donald
Depths:1: hellmouth_1, kennysheep_generic_room_2

Action                   |  1- 3 |  4- 6 |  7- 9 | 10-12 | 13-15 | 16-18 || total
-------------------------+-------+-------+-------+-------+-------+-------++-------
Melee: Flail             |   110 |   111 |   116 |       |       |       ||   337
       Mace              |       |    12 |   136 |       |       |       ||   148
       Giant club        |       |       |     4 |       |       |       ||     4
       Dire flail        |       |       |    27 |   499 |  1363 |   516 ||  2405
       Giant spiked club |       |       |    17 |       |       |    68 ||    85
       Long sword        |       |       |     7 |       |       |       ||     7
       Falchion          |       |       |       |     3 |       |       ||     3
       War axe           |       |       |       |    11 |     6 |     5 ||    22
Throw: Large rock        |       |       |       |     7 |     6 |    43 ||    56
Invok: Divine Shield     |       |       |       |     1 |     5 |     2 ||     8
       Cleansing Flame   |       |       |       |     1 |       |       ||     1
       Summon Divine War |       |       |       |       |     1 |     2 ||     3
 Abil: Blink             |       |       |       |     2 |     1 |       ||     3
       Evoke Berserk Rag |       |       |       |       |       |     2 ||     2
Evoke: Wand              |       |       |     3 |    10 |    21 |     5 ||    39
  Use: Potion            |       |     1 |    13 |     2 |     1 |     4 ||    21
       Scroll            |       |       |     6 |    12 |    15 |     8 ||    41
 Stab: Confused          |       |       |       |     2 |       |       ||     2
       Distracted        |       |       |       |       |       |     2 ||     2
  Eat: Bread ration      |     1 |       |     3 |       |       |       ||     4
       Meat ration       |       |     1 |       |     2 |     3 |     5 ||    11
       Royal jelly       |       |       |     1 |     1 |     3 |     3 ||     8
       Beef jerky        |       |       |     2 |     1 |     5 |       ||     8
       Pizza             |       |       |       |     7 |     4 |       ||    11
       Chunk             |       |       |       |     1 |     9 |       ||    10
       Fruit             |       |       |       |     1 |       |     1 ||     2
